 Dungeon Crawl Stone Soup version 0.30-a0-883-g5ad918d77d (webtiles) character file.

Game seed: 13856700606937669416

205816 Axe the Tortoise (level 18, -13/152 HPs)
             Began as a Minotaur Fighter on Mar 18, 2023.
             Was the Champion of Hepliaklqana.
             Mangled by a dire elephant (20 damage)
             ... on level 1 of the Vaults.
             The game lasted 01:00:54 (30707 turns).

Axe the Tortoise (Minotaur Fighter)                Turns: 30707, Time: 01:00:55

Health: -13/152    AC: 37    Str: 29    XL:     18   Next: 5%
Magic:  25/25      EV: 16    Int: 11    God:    Hepliaklqana [******]
Gold:   1904       SH: 15    Dex: 18    Spells: 17/17 levels left

rFire   + . .      SeeInvis .    X - +4 demon blade (freeze)
rCold   . . .      Faith    .    o - +0 kite shield
rNeg    + . .      Spirit   .    S - +10 plate armour "Ysakh" {rN+ Regen+ Str-2 Stlth+}
rPois   +          Reflect  .    c - +2 hat {Int+3}
rElec   .          Rampage  .    V - scarf "Xemoduqe" {rF+ rCorr Str+4}
rCorr   +                        v - +1 pair of gloves {Str+3}
Will    +....                    a - +2 pair of boots Stlth
                                 J - amulet of regeneration
HPRegen 2.05/turn                Q - ring "Pidghop" {rPois Int+3 Dex+3}
MPRegen 0.19/turn                y - +4 ring of slaying

@: about to teleport, studying 3 skills
A: reduced essence, horns 2, retaliatory headbutt
}: 1/15 runes: gossamer
a: Renounce Religion, Recall Ancestor, Ancestor Identity, Transference, Idealise


You were on level 1 of the Vaults.
You worshipped Hepliaklqana.
Hepliaklqana was exalted by your worship.
You visited 8 branches of the dungeon, and saw 32 of its levels.
You also visited: Sewer.

You collected 5535 gold pieces.
You spent 3631 gold pieces at shops.

Inventory:

Hand Weapons
 b - the +12 sling "Puwualum" {flame, rF++ rCorr}
   (You found it on level 3 of the Dungeon)

   rF:        It greatly protects you from fire.
   rCorr:     It protects you from acid and corrosion.
 G - a +1 demon whip of freezing
 X - a +4 demon blade of freezing (weapon)
Missiles
 j - 5 throwing nets (quivered)
Armour
 a - a +2 pair of boots (worn)
 c - a +2 hat of intelligence (worn)
 o - a +0 kite shield (worn)
 v - a +1 pair of gloves of strength (worn)
 S - the +10 plate armour "Ysakh" (worn) {rN+ Regen+ Str-2 Stlth+}
   (You found it on level 9 of the Dungeon)

   Str:       It affects your strength (-2).
   rN:        It protects you from negative energy.
   Regen:     It increases your rate of health regeneration.
   Stlth:     It makes you more stealthy.
 V - the scarf "Xemoduqe" (worn) {rF+ rCorr Str+4}
   (You found it on level 15 of the Dungeon)

   Str:       It affects your strength (+4).
   rF:        It protects you from fire.
   rCorr:     It protects you from acid and corrosion.
Jewellery
 y - a +4 ring of slaying (right hand)
 J - an amulet of regeneration (around neck)
 P - a ring of magical power
 Q - the ring "Pidghop" (left hand) {rPois Int+3 Dex+3}
   (You took it off a deep elf pyromancer on level 9 of the Dungeon)

   [ring of poison resistance]

   Int:       It affects your intelligence (+3).
   Dex:       It affects your dexterity (+3).
   rPois:     It protects you from poison.
 R - a ring of resist corrosion
 T - the ring of Arokyga {EV+5 Int+4}
   (You acquired it on level 1 of the Spider Nest)

   [ring of evasion]

   EV:        It affects your evasion (+5).
   Int:       It affects your intelligence (+4).
 U - a +4 ring of protection
Wands
 q - a wand of polymorph (5)
 s - a wand of paralysis (34)
 w - a wand of mindburst (43)
 B - a wand of quicksilver (9)
 I - a wand of digging (4)
 O - a wand of flame (13)
Scrolls
 h - a scroll of brand weapon
 i - 11 scrolls of identify
 t - 4 scrolls of teleportation
 u - 2 scrolls of poison
 z - 7 scrolls of butterflies
 C - 2 scrolls of fog
 K - 2 scrolls of blinking
 L - 3 scrolls of fear
 M - 5 scrolls of enchant armour
 N - a scroll of magic mapping
 W - a scroll of acquirement
Potions
 d - 4 potions of might
 e - 12 potions of lignification
 f - 6 potions of attraction
 g - 9 potions of mutation
 k - 4 potions of flight
 l - 5 potions of resistance
 m - 2 potions of heal wounds
 n - 5 potions of invisibility
 p - 7 potions of brilliance
 r - 15 potions of curing
 x - 3 potions of haste
 A - 2 potions of berserk rage
 D - 8 potions of cancellation
 E - 3 potions of magic
 H - 9 potions of ambrosia


   Skills:
 + Level 17.0 Fighting
 * Level 7.1 Long Blades
 - Level 14.0 Ranged Weapons
 + Level 19.7 Armour
 + Level 15.4 Dodging
 + Level 17.6 Shields
 - Level 11.8 Invocations
 - Level 7.0 Evocations


You had 17 spell levels left.
You didn't know any spells.
Your spell library contained the following spells:

 Spells                   Type           Power      Damage    Failure   Level
 Shock                    Conj/Air       0%         1d3       94%         1
 Summon Small Mammal      Summ           0%         N/A       94%         1
 Blink                    Tloc           0%         N/A       98%         2
 Lesser Beckoning         Tloc           0%         N/A       98%         2
 Static Discharge         Conj/Air       0%         2-2/arc   98%         2
 Call Canine Familiar     Summ           0%         N/A       100%        3
 Gell's Gravitas          Tloc           0%         N/A       100%        3
 Ignite Poison            Fire/Tmut/Pois 0%         N/A       100%        3
 Stone Arrow              Conj/Erth      0%         3d7       100%        3
 Summon Guardian Golem    Hex/Summ       0%         N/A       100%        3
 Swiftness                Air            0%         N/A       100%        3
 Teleport Other           Tloc           0%         N/A       100%        3
 Vhi's Electric Charge    Tloc/Air       0%         N/A       100%        3
 Airstrike                Air            0%         2d(0-16)  100%        4
 Animate Armour           Summ/Erth      0%         N/A       100%        4
 Cause Fear               Hex            0%         N/A       100%        4
 Manifold Assault         Tloc           0%         N/A       100%        4
 Sticky Flame             Conj/Fire      0%         2d3       100%        4
 Arcjolt                  Conj/Air       0%         1d10      100%        5
 Lightning Bolt           Conj/Air       0%         1d11      100%        5
 Summon Forest            Summ/Tloc      0%         N/A       100%        5
 Summon Mana Viper        Hex/Summ       0%         N/A       100%        5
 Yara's Violent Unravell  Hex/Tmut       0%         3d3       100%        5
 Statue Form              Tmut/Erth      0%         N/A       100%        6
 Summon Cactus Giant      Summ           0%         N/A       100%        6
 Dragon Form              Tmut           0%         N/A       100%        7
 Storm Form               Tmut/Air       0%         N/A       100%        7
 Ignition                 Fire           0%         3d3       100%        8
 Lehudib's Crystal Spear  Conj/Erth      0%         10d2      100%        8
 Dragon's Call            Summ           0%         N/A       100%        9
 Fire Storm               Conj/Fire      0%         5d1       100%        9


Dungeon Overview and Level Annotations

Branches:
Dungeon (15/15)            Temple (1/1) D:7            Lair (5/5) D:10
 Shoals (3/4) Lair:3       Spider (4/4) Lair:2        Slime (0/5) Lair:5
    Orc (2/2) D:12            Elf (0/3) Orc:2        Vaults (1/5) D:14
 Depths (1/4) D:15          Sewer (visited)

Altars:
Ashenzari
Cheibriados
Dithmenos
Fedhas
Hepliaklqana
Makhleb
Nemelex Xobeh
Ru
Sif Muna
Trog
Uskayaw
Vehumet
Wu Jian
Xom
Yredelemnul
Zin
The Shining One
Jiyva

Shops:
D:1 =(=?!   D:4 (   D:8 [   D:11 :   D:12 *   D:15 (   Orc:1 !   Orc:2 [[**
Shoals:1 *   Shoals:3 (

Portals:
Trove: D:15 (give +6 demon whip)

Annotations:
D:9 2 transporters, OrthodoxDeviant's ghost, journeyman TeAE
Shoals:3 Ilsuiw
Spider:1 2 transporters, exclusion: orange crystal statue, Arachne; Atatinuu's ghost, adept MiBe
Spider:4 3 runed translucent doors, Xof Pepn's ghost, adept MiBe


Innate Abilities, Weirdness & Mutations

Your life essence is reduced to manifest your ancestor. (-10% HP)
You have a pair of horns on your head.
You reflexively headbutt those who attack you in melee.


Message History

The dire elephant trunk-slaps you.
* * * LOW HITPOINT WARNING * * *
You slice the dire elephant!! You freeze the dire elephant.
Your headbutt misses the dire elephant.
The dire elephant is almost dead.
The yaktaur captain shoots a bolt.
You block the bolt.
You hit the dire elephant. You freeze the dire elephant.
You headbutt the dire elephant!
The dire elephant is lightly wounded.
You block the dire elephant's attack. The dire elephant barely misses you.
The dire elephant misses you.
The dire elephant trunk-slaps you but does no damage.
You slash the dire elephant! You freeze the dire elephant.
The dire elephant is moderately wounded.
The dire elephant tramples you but does no damage.
You block the dire elephant's attack. x2
The dire elephant trunk-slaps you but does no damage.
The dire elephant tramples you!
* * * LOW HITPOINT WARNING * * *
You stumble backwards!
The dire elephant tramples you but does no damage.
The dire elephant closely misses you.
As you read the scroll of teleportation, it crumbles to dust.
You feel strangely unstable.
The yaktaur captain shoots a bolt.
You block the bolt. You block the dire elephant's attack.
The dire elephant trunk-slaps you but does no damage.
The dire elephant tramples you!
* * * LOW HITPOINT WARNING * * *
You hold your ground!
The dire elephant trunk-slaps you but does no damage.
Sextus has departed this plane of existence.
You slash the dire elephant! You freeze the dire elephant.
The dire elephant is lightly wounded.
You block the dire elephant's attack. x2; The dire elephant tramples you!
* * * LOW HITPOINT WARNING * * *
You stumble backwards!
The yaktaur captain shoots a bolt.
The bolt hits you!
* * * LOW HITPOINT WARNING * * *
The dire elephant attacks as you move away!
The dire elephant tramples you!!
You die...

................#
.....
................#
.##.. .........
......# ##.
######## #....#
###. .....#
#....####### ....
.....#
#........... ....
.....#
#....Y####+ ####
.....# #...YY#
.....# #...Y@#
.....# #.....#
###### ####....c#
.).......#
.........#
...............
...............
...............
...............


You could see 4 dire elephants and a yaktaur captain.

Vanquished Creatures
  Mara (Shoals:3)
  Asterion (Spider:3)
  Polyphemus (Shoals:2)
  The ghost of Tunif the Eclecticist, an adept DEFE of Vehumet (D:15)
  5 emperor scorpions
  5 ghost moths
  2 ironbound preservers (Vaults:1)
  The ghost of ryw the Summoner, a journeyman DgCj (Spider:3)
  Nessos (D:14)
  A broodmother (Spider:2)
  A bunyip (shapeshifter) (D:14)
  2 dire elephants (Vaults:1)
  2 spark wasps (Spider:4)
  Snorg (D:14)
  2 merfolk javelineers
  2 great orbs of eyes (Vaults:1)
  Harold (Lair:1)
  Erolcha (D:10)
  3 hydras
  5 entropy weavers
  A merfolk impaler (Shoals:3)
  2 vault guards (D:14)
  An ironbound frostheart (Vaults:1)
  2 jorogumos
  2 radroaches
  A merfolk aquamancer (Shoals:3)
  4 two-headed ogres
  A catoblepas (Shoals:2)
  A boulder beetle (Lair:5)
  8 centaur warriors
  An alligator snapping turtle (Shoals:2)
  3 satyrs
  A death yak (Shoals:2)
  5 tengu warriors
  An orc high priest (Orc:2)
  A deep elf knight (D:12)
  3 pharaoh ants (Spider:4)
  2 sun moths
  6 sea snakes
  3 deep trolls (Vaults:1)
  6 skysharks
  8 orb spiders
  A deep elf archer (D:12)
  A wizard (Vaults:1)
  4 lindwurms
  6 steelbarb worms
  5 harpies
  5 deep elf pyromancers
  4 fauns
  12 wolf spiders
  16 ugly things
  4 orc sorcerers
  A cyclops (D:14)
  4 moths of wrath
  5 manticores
  14 elephants
  7 demonic crawlers
  5 black mambas
  4 merfolk sirens
  A water nymph (Shoals:3)
  3 torpor snails
  8 cane toads
  Maggie (D:7)
  An efreet (D:9)
  9 komodo dragons
  A rime drake (Lair:1)
  4 yaktaurs (Vaults:1)
  11 merfolk
  2 tengu conjurers
  A meliai (shapeshifter) (D:14)
  2 meliai (Spider:4)
  11 tarantellas
  18 hornets
  4 polar bears
  5 trolls
  A dream sheep (Lair:3)
  10 blink frogs
  14 slime creatures
  13 jumping spiders
  Sigmund (D:6)
  A shadow (D:13)
  8 culicivoras
  6 wraiths
  3 basilisks
  12 spriggans
  10 wyverns
  2 steam dragons
  8 humans (D:14)
  A water elemental (Shoals:3)
  21 yaks
  49 redbacks
  14 vampire mosquitoes
  A warg (Orc:1)
  12 water moccasins
  3 hell hounds
  Pargi (Sewer)
  14 orc warriors
  An ice beast (D:7)
  7 black bears
  5 ogres
  3 boggarts (Lair:5)
  23 wolves
  25 centaurs
  A phantom (D:4)
  8 bullfrogs
  2 kobold brigands (D:9)
  2 scorpions (Spider:1)
  3 gnoll sergeants
  10 wights
  6 killer bees
  4 electric eels
  4 howler monkeys
  3 jellies
  16 orc priests
  A gnoll bouda (D:5)
  3 hounds
  4 sleepcaps
  3 iguanas
  33 orc wizards
  6 hell rats
  22 gnolls
  12 adders
  6 river rats (Lair:5)
  3 shadow imps (D:8)
  3 white imps (D:8)
  5 ufetubi
  5 worms
  A dart slug (D:4)
  43 orcs
  6 ball pythons
  7 endoplasms
  2 giant cockroaches (D:4)
  12 goblins
  5 hobgoblins
  4 jackals (D:5)
  12 kobolds
  4 quokkas
  5 bats (Sewer)
  11 frilled lizards
  10 rats
838 creatures vanquished.

Vanquished Creatures (collateral kills)
  Frances (D:14)
  An emperor scorpion (Spider:1)
  A stone giant (D:15)
  A reaper (Lair:1)
  3 dire elephants (Vaults:1)
  2 spark wasps
  Josephine (D:12)
  A merfolk impaler (Shoals:2)
  2 entropy weavers
  3 hydras
  A merfolk avatar (Shoals:1)
  3 radroaches
  A merfolk aquamancer (Shoals:3)
  A satyr (Shoals:2)
  A two-headed ogre (Orc:1)
  A death yak (Shoals:2)
  An orc high priest (Orc:2)
  A skyshark (Shoals:1)
  A sea snake (Shoals:2)
  A sun moth (Spider:4)
  3 orb spiders
  A harpy (Shoals:1)
  3 steelbarb worms
  An orc sorcerer (Orc:2)
  An oklob plant (D:10)
  2 wolf spiders
  2 cyclopes
  4 ugly things
  2 elephants (Lair:4)
  A manticore (Shoals:2)
  2 fauns
  A moth of wrath (Spider:3)
  2 merfolk sirens (Shoals:3)
  4 cane toads
  A kobold demonologist (D:9)
  A komodo dragon (Lair:4)
  A wind drake (Shoals:2)
  2 polar bears
  4 meliai
  2 trolls
  4 hornets
  6 tarantellas
  10 merfolk
  4 dream sheep (Lair:3)
  3 blink frogs
  4 jumping spiders
  3 slime creatures (D:14)
  9 culicivoras
  A vampire (D:12)
  A spriggan (Lair:5)
  2 water elementals (Shoals:3)
  3 wraiths
  A basilisk (Lair:5)
  9 yaks
  2 humans
  12 redbacks
  3 vampire mosquitoes
  2 wyverns
  4 water moccasins
  An orc warrior (D:9)
  2 boggarts (Lair:5)
  5 centaurs
  An ogre (Orc:2)
  6 wolves
  3 kobold brigands (D:9)
  2 gnoll sergeants
  A wight (D:9)
  A howler monkey (D:9)
  A jelly (D:8)
  An orc priest (Orc:2)
  11 orc wizards
  A hell rat (Lair:2)
  3 gnolls
  A shadow imp (D:8)
  A white imp (D:8)
  8 orcs
  A goblin (D:9)
201 creatures vanquished.

Vanquished Creatures (others)
  A ghost moth (Spider:2)
  A vault guard (D:14)
  A spriggan (D:15)
  A boggart (D:15)
  46 knights
  2 ancestors (D:8)
  A kobold (D:9)
  A ball lightning (D:15)
  A demonic plant (D:8)
  13 fungi
  90 plants
158 creatures vanquished.

Grand Total: 1197 creatures vanquished

Notes
Turn   | Place    | Note
-------+----------+-------------------------------------------
     0 | D:1      | Axe the Minotaur Fighter began the quest for the Orb.
     0 | D:1      | Reached XP level 1. HP: 19/19 MP: 0/0
    73 | D:1      | Found a faded altar of an unknown god.
   101 | D:1      | Found Qell's Jewellery Shoppe.
   123 | D:1      | Reached XP level 2. HP: 24/27 MP: 1/1
   130 | D:1      | Found Rivenymai's Antique Weapon Shop.
   204 | D:1      | Found Isamic's Distillery.
   218 | D:1      | Found Geda's Magic Scroll Shop.
   267 | D:1      | Found Vueng's Jewellery Boutique.
   624 | D:2      | Reached skill level 1 in Dodging
   781 | D:2      | Reached XP level 3. HP: 29/33 MP: 2/2
   826 | D:2      | Reached skill level 4 in Armour
  1052 | D:2      | Identified the +3 mace "Demonbane" {venom, rF+ rCorr Str-3}
  1268 | D:3      | Identified the +12 sling "Puwualum" {flame, rF++ rCorr}
  1303 | D:3      | Reached XP level 4. HP: 39/40 MP: 3/3
  1648 | D:3      | Found a glowing drain.
  1665 | Sewer    | Entered a sewer
  1696 | Sewer    | Noticed Pargi
  1703 | Sewer    | Killed Pargi
  1704 | Sewer    | Reached XP level 5. HP: 46/47 MP: 4/4
  1861 | D:3      | Identified the +5 whip "Giantslayer" {flame, rElec rF+ rC-}
  2109 | D:4      | Found a broken altar of Ashenzari.
  2360 | D:4      | Reached skill level 1 in Ranged Weapons
  2365 | D:4      | Reached XP level 6. HP: 45/55 MP: 5/5
  2373 | D:4      | Reached skill level 5 in Fighting
  2373 | D:4      | Reached skill level 5 in Shields
  2376 | D:4      | Reached skill level 5 in Armour
  2540 | D:4      | Reached XP level 7. HP: 61/61 MP: 6/6
  2590 | D:4      | Found Cisou's Antique Weapon Emporium.
  2820 | D:5      | Entered Level 5 of the Dungeon
  2976 | D:5      | Found a bloodstained altar of Trog.
  3570 | D:5      | Found a glowing silver altar of Zin.
  3628 | D:5      | Reached XP level 8. HP: 70/70 MP: 7/7
  3913 | D:6      | Reached skill level 6 in Armour
  3936 | D:6      | Reached skill level 5 in Ranged Weapons
  3941 | D:6      | Noticed Sigmund
  3946 | D:6      | Killed Sigmund
  4330 | D:6      | Found a sparkling altar of Nemelex Xobeh.
  4356 | D:6      | Reached skill level 5 in Dodging
  4360 | D:6      | Reached XP level 9. HP: 72/78 MP: 8/8
  4613 | D:6      | Found a snail-covered altar of Cheibriados.
  4740 | D:7      | Reached skill level 7 in Armour
  4743 | D:7      | Found a staircase to the Ecumenical Temple.
  4750 | Temple   | Entered the Ecumenical Temple
  4756 | Temple   | Became a worshipper of Hepliaklqana the Forgotten
  5220 | D:7      | Found a glowing golden altar of the Shining One.
  5375 | D:7      | Noticed Maggie
  5391 | D:7      | Killed Maggie
  5794 | D:8      | Reached * piety under Hepliaklqana
  6362 | D:8      | Reached XP level 10. HP: 79/79 MP: 9/9
  6431 | D:8      | Reached ** piety under Hepliaklqana
  6432 | D:8      | Remembered your ancestor Sextus as a knight
  6558 | D:8      | Found Alupp's Armour Emporium.
  6560 | D:8      | Noticed a two-headed ogre
  6574 | D:8      | Killed a two-headed ogre
  6575 | D:8      | Reached skill level 8 in Armour
  6722 | D:9      | Noticed a manticore
  6969 | D:9      | Found a transporter.
  6994 | D:9      | Noticed a tengu warrior
  7007 | D:9      | Noticed OrthodoxDeviant's ghost (journeyman TeAE)
  7010 | D:9      | Noticed a moth of wrath
  7215 | D:9      | Noticed a two-headed ogre
  7222 | D:9      | Noticed a two-headed ogre
  7223 | D:9      | Noticed a two-headed ogre
  7651 | D:8      | Killed a two-headed ogre
  7745 | D:9      | Noticed a two-headed ogre
  7814 | D:9      | Reached skill level 10 in Ranged Weapons
  7839 | D:9      | Reached skill level 9 in Armour
  7911 | D:9      | Identified the ring "Pidghop" {rPois Int+3 Dex+3}
  7911 | D:9      | Noticed a deep elf pyromancer
  7920 | D:9      | Killed a deep elf pyromancer
  7921 | D:9      | Reached XP level 11. HP: 87/87 MP: 10/10
  8008 | D:9      | Noticed a two-headed ogre
  8015 | D:9      | Killed a two-headed ogre
  8509 | D:9      | Found a transporter.
  8513 | D:9      | Found a bloodstained altar of Trog.
  8518 | D:9      | Identified the +10 plate armour "Ysakh" {rN+ Regen+ Str-2
                  | Stlth+}
  8554 | D:9      | Noticed a white ugly thing
  8560 | D:9      | Killed a white ugly thing
  8627 | D:9      | Identified a scroll of acquirement
  8627 | D:9      | Acquired 1267 gold pieces
  8682 | D:10     | Entered Level 10 of the Dungeon
  8682 | D:10     | Found a sacrificial altar of Ru.
  9131 | D:10     | Noticed Erolcha
  9136 | D:10     | Killed Erolcha
  9137 | D:10     | Reached skill level 10 in Fighting
  9145 | D:10     | Reached skill level 10 in Shields
  9176 | D:10     | Found a hide-covered altar of Uskayaw.
  9188 | D:10     | Reached *** piety under Hepliaklqana
  9225 | D:10     | Noticed an oklob plant
  9228 | D:10     | Found a staircase to the Lair.
  9468 | D:10     | Killed an oklob plant
  9709 | D:11     | Reached skill level 10 in Armour
  9842 | D:11     | Found a gate leading to a gauntlet.
  9869 | D:11     | Identified the +5 flail "Raprulyr" {heavy, rC+ Int+4}
  9926 | D:11     | Found Atzewess's Self-Improvement Boutique.
  9934 | D:11     | Bought a manual of Armour for 1200 gold pieces
 10267 | D:12     | Noticed a two-headed ogre
 10273 | D:12     | Killed a two-headed ogre
 10328 | D:12     | Reached XP level 12. HP: 96/96 MP: 11/11
 10434 | D:12     | Found a staircase to the Orcish Mines.
 10512 | D:12     | Found Xitta's Assorted Antiques.
 10516 | D:12     | Bought a scroll labelled ONLUUP TUKIOTH for 31 gold pieces
 10657 | D:12     | Reached **** piety under Hepliaklqana
 10908 | D:12     | Noticed Josephine
 10916 | D:12     | Killed Josephine
 10957 | D:12     | Reached skill level 11 in Armour
 11356 | D:13     | Noticed a centaur warrior
 11365 | D:12     | Killed a centaur warrior
 11514 | D:13     | Found a shimmering altar of Xom.
 11539 | D:13     | Noticed a centaur warrior
 11544 | D:13     | Killed a centaur warrior
 11545 | D:13     | Reached skill level 12 in Armour
 11666 | D:13     | Identified the amulet "Icuhuy" {Spirit Harm Fragile rPois
                  | rC+}
 11852 | D:14     | Noticed Snorg
 11960 | Lair:1   | Entered Level 1 of the Lair of Beasts
 12194 | Lair:1   | Noticed an eight-headed hydra
 12218 | Lair:1   | Reached ***** piety under Hepliaklqana
 12259 | Lair:1   | Killed an eight-headed hydra
 12260 | Lair:1   | Reached skill level 10 in Dodging
 12446 | Lair:1   | Noticed Harold
 12458 | Lair:1   | Killed Harold
 12459 | Lair:1   | Reached XP level 13. HP: 104/104 MP: 12/12
 12874 | Lair:1   | Found a runed translucent door.
 12878 | Lair:1   | Noticed a reaper
 12937 | Lair:1   | Killed a reaper
 12941 | Lair:1   | Identified the +7 sling of Repud {flame, Int+4}
 13129 | Lair:2   | Found a hole to the Spider Nest.
 13245 | Lair:2   | Reached skill level 13 in Armour
 14147 | Lair:3   | Found a staircase to the Shoals.
 14229 | Lair:3   | Reached skill level 14 in Armour
 14240 | Lair:3   | Reached skill level 1 in Evocations
 14908 | Lair:4   | Reached ****** piety under Hepliaklqana
 15021 | Lair:5   | Entered Level 5 of the Lair of Beasts
 15189 | Lair:5   | Reached XP level 14. HP: 107/114 MP: 13/13
 15266 | Lair:5   | Reached skill level 15 in Armour
 15484 | Lair:5   | Paralysed by a hornet for 1 turns
 15608 | Lair:5   | Reached skill level 5 in Evocations
 15746 | Lair:5   | Found a staircase to the Slime Pits.
 15764 | Lair:5   | Found a viscous altar of Jiyva.
 16492 | Orc:1    | Entered Level 1 of the Orcish Mines
 16492 | Orc:1    | You fall into a shaft and drop 1 floor!
 16492 | Orc:2    | Entered Level 2 of the Orcish Mines
 16742 | Orc:1    | Found Reafro Ogevu's Distillery.
 17054 | Orc:2    | Reached skill level 16 in Armour
 17182 | Orc:2    | Found Pux Efih's Antique Armour Shoppe.
 17182 | Orc:2    | Found Suyme's Assorted Antiques.
 17183 | Orc:2    | Found Xeaxudyg's Assorted Antiques.
 17186 | Orc:2    | Found Nosucoc's Armour Shoppe.
 17316 | Orc:2    | Found a staircase to the Elven Halls.
 17814 | D:14     | Noticed Nessos
 17852 | D:14     | Killed Nessos
 17961 | D:14     | Noticed Frances
 18090 | D:14     | Killed Snorg
 18204 | D:14     | Reached skill level 1 in Invocations
 18231 | D:14     | Reached XP level 15. HP: 124/124 MP: 13/15
 18491 | D:14     | Identified the +3 glaive of Isucw {holy, Fly}
 18493 | D:14     | Found a gate to the Vaults.
 18665 | D:14     | Reached skill level 17 in Armour
 19144 | D:14     | Killed Frances
 19308 | D:14     | Found a gate to the Vaults.
 19530 | D:15     | Entered Level 15 of the Dungeon
 19530 | D:15     | Found Tearch's Weapon Shoppe.
 19598 | D:15     | Found a staircase to the Depths.
 19751 | D:15     | Got the Incunable of Flamy Shaping
 19998 | D:15     | Found a runed translucent door.
 20000 | D:15     | Noticed Tunif's ghost (adept DEFE)
 20003 | D:15     | Identified the +1 spear "Oruav" {heavy, rF+ rN+ Will+++
                  | Str-3}
 20263 | D:15     | Reached skill level 5 in Invocations
 20349 | D:15     | Found a portal to a secret trove of treasure.
 20792 | D:15     | Killed Tunif's ghost
 20819 | D:15     | Identified the scarf "Xemoduqe" {rF+ rCorr Str+4}
 21046 | Spider:1 | Entered Level 1 of the Spider Nest
 21326 | Spider:1 | Found a transporter.
 21350 | Spider:1 | Noticed Arachne
 21350 | Spider:1 | Noticed an emperor scorpion
 21350 | Spider:1 | Noticed Atatinuu's ghost (adept MiBe)
 21550 | Spider:1 | Found a transporter.
 21790 | Spider:1 | Noticed an emperor scorpion
 21790 | Spider:1 | Noticed an emperor scorpion
 21801 | Spider:1 | Killed an emperor scorpion
 21804 | Spider:1 | Reached skill level 15 in Fighting
 21809 | Spider:1 | Killed an emperor scorpion
 21810 | Spider:1 | Reached skill level 18 in Armour
 21856 | Spider:1 | Noticed an emperor scorpion
 21869 | Spider:1 | Killed an emperor scorpion
 22311 | Spider:1 | Acquired the ring of Arokyga {EV+5 Int+4}
 22457 | Spider:1 | Reached XP level 16. HP: 126/134 MP: 13/20
 22814 | Spider:2 | Reached skill level 15 in Shields
 23472 | Spider:3 | Found a runed translucent door.
 23482 | Spider:3 | Noticed ryw's ghost (journeyman DgCj)
 23813 | Spider:3 | Noticed Asterion
 23825 | Spider:3 | Killed Asterion
 24177 | Spider:3 | Killed ryw's ghost
 24221 | Spider:4 | Entered Level 4 of the Spider Nest
 24241 | Spider:4 | Found a runed translucent gate.
 24241 | Spider:4 | Found a runed translucent gate.
 24241 | Spider:4 | Found a runed translucent gate.
 24241 | Spider:4 | Noticed Xof Pepn's ghost (adept MiBe)
 25326 | Spider:4 | Reached skill level 10 in Invocations
 25326 | Spider:4 | Reached XP level 17. HP: 142/142 MP: 9/23
 25440 | Spider:4 | Reached skill level 19 in Armour
 27022 | Spider:4 | Got a gossamer rune of Zot
 27142 | Spider:4 | Acquired a manual of Shields
 27147 | Spider:4 | Acquired 770 gold pieces
 27301 | Shoals:1 | Entered Level 1 of the Shoals
 27828 | Shoals:1 | Found Geig's Assorted Antiques.
 28061 | Shoals:2 | Noticed Polyphemus
 28076 | Shoals:2 | Killed Polyphemus
 28531 | Shoals:3 | Noticed Ilsuiw
 28531 | Shoals:3 | Noticed Mara
 28563 | Shoals:3 | Noticed Axe's illusion
 28585 | Shoals:3 | HP: 4/144 [merfolk impaler/+1 trident of distortion (5)]
 29080 | Shoals:3 | Noticed Axe's illusion
 29208 | Shoals:3 | Noticed Axe's illusion
 29333 | Shoals:3 | Reached skill level 15 in Dodging
 29510 | Shoals:3 | Found Werar's Weapon Shoppe.
 29541 | Shoals:3 | Noticed Axe's illusion
 29549 | Shoals:3 | Killed Mara
 29769 | D:11     | Bought a manual of Long Blades for 1200 gold pieces
 29769 | D:11     | Bought a manual of Dodging for 1200 gold pieces
 29902 | Depths:1 | Entered Level 1 of the Depths
 30019 | Vaults:1 | Entered Level 1 of the Vaults
 30361 | Vaults:1 | Paralysed by a great orb of eyes for 3 turns
 30373 | Vaults:1 | Reached skill level 5 in Long Blades
 30591 | Vaults:1 | Reached XP level 18. HP: 130/152 MP: 23/25
 30706 | Vaults:1 | HP: 7/152 [yaktaur captain/bolt (12)]
 30707 | Vaults:1 | Mangled by a dire elephant

Illustrated notes

Levels and vault maps discovered:
D:1:      matt_arrival_refuge, layout_basic, serial_shops,
          nicolae_shop_statue_plus, nicolae_shop_hallway_stairs, shop_statue,
          nicolae_shop_crystal, shop_statue,
          hellmonk_ecumenical_altar_slurped_away, minmay_misc_feat_nine_boxes
D:2:      layout_basic, minmay_splitting_lines, kennysheep_flooded_box,
          minmay_lizard_pond
D:3:      layout_basic, cheibrodos_sewer_entry_bend
D:4:      layout_gridville, cheibrodos_ashenzari_chains, serial_shops,
          nicolae_shop_trees
D:5:      layout_basic, marbit_many_paths, mainiacjoe_overflow_boulevard
D:6:      layout_basic, cheibrodos_worm_habitat, nemelex_diamond_rough_becter,
          uniq_sigmund
D:7:      layout_loops_corners, mainiacjoe_overflow_paths,
          minmay_temple_entry_trees, uniq_maggie
D:8:      layout_gridville, serial_demonic, serial_demonic_f, serial_demonic_f,
          serial_demonic_b, serial_demonic_d, serial_shops, nicolae_shop_crystal
D:9:      minmay_the_grid_plus [minmay_the_grid_gridbox, minmay_the_grid_tree,
          minmay_the_grid_outer_circle, minmay_the_grid_doors,
          minmay_the_grid_prize_inner_circle], layout_basic, enter_bailey_5,
          gammafunk_ghost_wrathful_warriors, minmay_misc_feat_diagonals
D:10:     layout_long_grid, nicolae_uskayaw_dance_hall,
          nicolae_ru_sacrificial_ziggurat, dpeg_oklobed_lair,
          minmay_misc_feat_tower, uniq_erolcha
D:11:     layout_gridville, gauntlet_entry_generic, nicolae_shop_self_help
D:12:     layout_roguey, orc_0_dummy, serial_shops, nicolae_stop_n_shop_2,
          beargit_elvish_explorers, uniq_josephine
D:13:     layout_cave_pools, kennysheep_nondescript, brannock_xom_greatest_gift
D:14:     layout_irregular_city, ximxim_vaults_locker_room,
          minmay_misc_feat_chi, fountainhead, minivault_21,
          minmay_increasing_density, uniq_nessos, uniq_frances, uniq_snorg
D:15:     grunt_enter_depths_snipers, layout_loops_ring, corexii_corridor_pit,
          ebering_ghost_funeral_grove, enter_trove_6, serial_co_window_serial,
          co_window_corner_a, co_window_paths_a, co_window_paths_a,
          co_window_paths_a, co_window_corner_a, co_window_cross_1,
          co_window_paths_a, co_window_2corner, co_window_cross_4,
          co_window_unsneaky_path_d, co_window_corner_cb, co_window_2corner,
          glass_columns_b, glass_columns_a, glass_columns_a, serial_shops, shop
Temple:   eino_narrow_crystal_temple
Lair:1:   layout_cave_pods, pdpol_lair_cabin_in_the_woods, uniq_harold
Lair:2:   layout_gridlike, spider_nest_entry_web_field
Lair:3:   layout_long_grid, elwin_shoals_entry_rooms, serial_rivers,
          chequers_serial_rivers_large_a, chequers_serial_rivers_micro_b,
          chequers_serial_rivers_small_3, chequers_serial_rivers_marsh,
          chequers_serial_rivers_small_b, chequers_serial_rivers_micro_b,
          minivault_24
Lair:4:   layout_big_grid, infiniplex_staircase_pool_2
Lair:5:   minmay_lair_end_enchanted_forest, layout_gridlike, slime_entry_1,
          kennysheep_abandoned_house
Shoals:1: layout_shoals, serial_shops, shop_fountains
Shoals:2: layout_shoals, uniq_polyphemus
Shoals:3: layout_shoals, portal_ice_cave_entry_pillars_three, serial_shops,
          nicolae_diamond_shop, nicolae_shoals_lost_giant_pillars, uniq_ilsuiw,
          uniq_mara
Spider:1: spiders_nest_scorpion_pit, nzn_ghost_randoct,
          nicolae_spider_solar_radiation
Spider:2: layout_cave_pods
Spider:3: layout_spider_delve, ebering_ghost_reflecting_pool, uniq_asterion
Spider:4: spider_rune_water, gammafunk_ghost_split
Orc:1:    layout_caves, serial_shops, nicolae_shop_statue_plus
Orc:2:    st_orc_mages, layout_caves, enter_volcano_3
Vaults:1: nicolae_vaults_big_angled_halls, v_misc_4,
          nicolae_vaults_little_squares_6, ontoclasm_vaults_fault, v_misc_28,
          hangedman_vaults_snaps, vaults_room_semicircle,
          ontoclasm_vaults_decontamination, vaults_room_grunt_arrival_ludios,
          grunt_vaults_hallway_short, layout_vaults_omnigrid
Depths:1: layout_gridlike, hell_entry, minmay_misc_feat_x,
          minmay_mirror_moons_of_madness, minmay_shoptagon, serial_bayou_shore_a

Skill      XL: |  1  2  3  4  5  6  7  8  9 10 11 12 13 14 15 16 17 18 |
---------------+-------------------------------------------------------+-----
Dodging        | 1 2 3 4 5 6 7 8 10 11 12 13 14 15 | 15.4
Fighting       | 4 5 6 8 9 10 11 12 14 15 16 17 | 17.0
Shields        | 4 5 7 8 9 10 11 12 13 14 15 17 | 17.6
Armour         | 4 5 6 7 9 10 12 14 16 18 19 | 19.7
Long Blades    | 3 6 7 |  7.1
Ranged Weapons | 1 3 4 6 8 10 11 13 14 | 14.0
Evocations     | 3 7 |  7.0
Invocations    | 1 6 10 11 | 11.8

Action                     |  1- 3 |  4- 6 |  7- 9 | 10-12 | 13-15 | 16-18 || total
---------------------------+-------+-------+-------+-------+-------+-------++-------
  Melee: Long sword        |    94 |    36 |       |       |       |       ||   130
         Headbutt          |    16 |     7 |       |       |     1 |     4 ||    28
         Sling             |       |     3 |       |       |     3 |     5 ||    11
         Demon blade       |       |       |       |       |       |     9 ||     9
   Fire: Sling             |       |    50 |   250 |   570 |  1379 |  1345 ||  3594
 Invoke: Recall Ancestor   |       |       |       |     4 |     5 |     1 ||    10
         Ancestor Life: Kn |       |       |       |     1 |       |       ||     1
         Idealise          |       |       |       |       |     1 |     4 ||     5
  Evoke: Wand              |       |     6 |       |       |     2 |     1 ||     9
    Use: Scroll            |       |       |       |    16 |    13 |    17 ||    46
         Potion            |       |       |       |     2 |     1 |    10 ||    13
 Armour: Scale mail        |    37 |    24 |       |       |       |       ||    61
         Troll leather arm |       |    10 |    15 |       |       |       ||    25
         Ring mail         |       |       |     9 |    29 |       |       ||    38
         Plate armour      |       |       |       |   159 |   550 |   693 ||  1402
  Dodge: Dodged            |    35 |    23 |    50 |   151 |   374 |   657 ||  1290
  Block: Buckler           |    25 |     9 |    23 |    44 |       |       ||   101
         Kite shield       |       |       |       |   141 |   516 |   843 ||  1500

Table legend: (Time is in decaauts)
 A = Elapsed time spent in this place.
 B = Non-inter-level travel time spent in this place.
 C = Inter-level travel time spent in this place.
 D = Time resting spent in this place.
 E = Time spent auto-exploring this place.
 F = Levels seen in this place.
 G = Mean time per level.
                   A        B        C        D        E       F      G
               +--------+--------+--------+--------+--------+-----+--------+
         Total |  31444 |  29510 |   1934 |   6226 |  16730 |  33 |  952.8 |
       Dungeon |  15892 |  14747 |   1145 |   2242 |   9813 |  15 | 1059.5 |
        Temple |     12 |     12 |      0 |      0 |      0 |   1 |   12.0 |
          Lair |   4997 |   4565 |    432 |    433 |   2888 |   5 |  999.4 |
        Shoals |   2439 |   2347 |     92 |    744 |    948 |   3 |  813.0 |
   Spider Nest |   6044 |   5858 |    186 |   2532 |   1988 |   4 | 1511.0 |
  Orcish Mines |   1268 |   1191 |     77 |     87 |    843 |   2 |  634.0 |
        Vaults |    688 |    688 |      0 |    188 |    217 |   1 |  688.0 |
        Depths |      2 |      2 |      0 |      0 |      0 |   1 |    2.0 |
         Sewer |     97 |     97 |      0 |      0 |     32 |   1 |   97.0 |
               +--------+--------+--------+--------+--------+-----+--------+

Top non-repeatable levels by time:
Spider:4: 2834 daAuts
    D:14: 1886 daAuts
     D:8: 1851 daAuts
    D:15: 1481 daAuts
Spider:1: 1390 daAuts
    D:12: 1385 daAuts
  Lair:5: 1218 daAuts
     D:9: 1214 daAuts
Spider:3: 1195 daAuts
     D:5: 1118 daAuts
  Lair:1: 1111 daAuts
  Lair:2: 1095 daAuts
  Lair:3: 1080 daAuts
     D:7: 1063 daAuts
Shoals:2: 1059 daAuts
